 Dungeon Crawl Stone Soup version 0.30-a0-881-g1ff12e1e11 (webtiles) character file.

Game seed: 8581494122824064882

2829 howech the Covert (level 9, -5/46 (51) HPs)
             Began as an Octopode Enchanter on Mar 14, 2023.
             Was a Follower of Uskayaw.
             Slain by a wight
             ... wielding a +3 morningstar
              (17 damage)
             ... on level 8 of the Dungeon.
             The game lasted 00:31:56 (7684 turns).

howech the Covert (Octopode Enchanter)              Turns: 7684, Time: 00:31:57

HP:   -5/46 (51)    AC:  1    Str: 13    XL:     9   Next: 73%
MP:   15/15         EV: 15    Int: 20    God:    Uskayaw [*.....]
Gold: 208           SH:  5    Dex: 14    Spells: 10/17 levels left

rFire   . . .      SeeInvis .    l - +6 dagger (venom)
rCold   . . .      Faith    .    (no shield)
rNeg    . . .      Spirit   .    (helmet restricted)
rPois   .          Reflect  +    n - amulet of reflection
rElec   .          Rampage  .    b - +6 ring of strength
rCorr   .                        (no ring)
Will    .....                    (no ring)
Stlth   +++++                    (no ring)
HPRegen 0.27/turn                (no ring)
MPRegen 0.14/turn                (no ring)
                                 (no ring)
                                 (no ring)

@: drained
A: almost no armour, amphibious, 8 rings, camouflage 1, gelatinous body 1,
(nimble swimmer 1), tentacles
a: Renounce Religion, Stomp


You were on level 8 of the Dungeon.
You worshipped Uskayaw.
Uskayaw was noncommittal.
You visited 2 branches of the dungeon, and saw 9 of its levels.

You collected 274 gold pieces.
You spent 66 gold pieces at shops.

Inventory:

Hand Weapons
 a - a +1 dagger of venom
 l - a +6 dagger of venom (weapon)
 y - a +2 dagger of venom
 z - a +1 dagger of speed
 A - a +0 dagger of electrocution
Missiles
 k - 10 javelins (quivered)
 q - 2 curare-tipped darts
 G - 9 poisoned darts
Jewellery
 b - a +6 ring of strength (left tentacle)
 n - an amulet of reflection (around mantle)
 x - an amulet of regeneration
 F - an amulet of magic regeneration
Wands
 B - a wand of flame (15)
Scrolls
 f - 3 scrolls of magic mapping
 g - 4 scrolls of teleportation
 o - a scroll of enchant armour
 p - a scroll of brand weapon
 r - a scroll of poison {unknown}
 s - a scroll of blinking
 u - a scroll of amnesia
 C - 2 scrolls of identify
 D - 2 scrolls of fog
Potions
 d - a potion of haste
 e - 2 potions of mutation
 h - 4 potions of curing
 i - 2 potions of resistance
 j - 2 potions of flight
 m - 2 potions of might
 v - a potion of brilliance
 w - a potion of cancellation


   Skills:
 + Level 4.3 Short Blades
 + Level 4.8 Dodging
 * Level 9.9 Stealth
 + Level 4.5 Spellcasting
 * Level 0.9 Conjurations
 + Level 5.3 Hexes
 + Level 4.0 Translocations
 + Level 3.8 Ice Magic
 + Level 3.8 Invocations


You had 10 spell levels left.
You knew the following spells:

 Your Spells              Type           Power      Damage    Failure   Level
a - Ensorcelled Hibernat  Hex/Ice        44%        N/A       2%          2
b - Blink                 Tloc           40%        N/A       3%          2
c - Confusing Touch       Hex            25%        N/A       4%          3

Your spell library contained the following spells:

 Spells                   Type           Power      Damage    Failure   Level
 Tukima's Dance           Hex            25%        N/A       4%          3
 Dazzling Flash           Conj/Hex       34%        N/A       10%         3
 Manifold Assault         Tloc           20%        N/A       22%         4
 Iskenderun's Mystic Bla  Conj/Tloc      14%        2d5       41%         4
 Starburst                Conj/Fire      3%         6d3       100%        6
 Storm Form               Tmut/Air       2%         N/A       100%        7


Dungeon Overview and Level Annotations

Branches:
Dungeon (8/15)             Temple (1/1) D:4
   Lair: D:8-11

Altars:
Ashenzari
Cheibriados
Dithmenos
Fedhas
Gozag
Hepliaklqana
Makhleb
Nemelex Xobeh
Okawaru
Qazlal
Ru
Sif Muna
Trog
Uskayaw
Vehumet
Wu Jian
Xom
Yredelemnul
Zin
The Shining One

Shops:
D:5 ?   D:6 *   D:7 *


Innate Abilities, Weirdness & Mutations

You cannot wear most types of armour.
You are amphibious.
You can wear up to eight rings at the same time.
Your skin changes colour to match your surroundings (Stealth+).
Your rubbery body absorbs attacks. (AC +1, EV +1)
((You are camouflaged when in or above water. (Stealth+)))
You have tentacles for arms and can constrict up to eight enemies at once.


Message History

* * * LOW HITPOINT WARNING * * *
The orc wizard gestures at you while chanting.
The magic dart hits you.
* * * LOW HITPOINT WARNING * * *
You bump into the rock wall.
The wight hits you from afar with a +2 spear.
* * * LOW HITPOINT WARNING * * *
You feel drained.
* * * LOW HITPOINT WARNING * * *
The wight hits you with a +3 morningstar!
* * * LOW HITPOINT WARNING * * *
You feel drained.
* * * LOW HITPOINT WARNING * * *
You are too confused!
Unknown command.
You feel much better. The wight barely misses you. The wight misses you.
The orc priest begins to cast a cantrip, but forgets the words!
The orc wizard casts a spell at you. The magic dart hits you!
The wight barely misses you. x2
The orc wizard gestures at you while chanting.
The magic dart hits you!
* * * LOW HITPOINT WARNING * * *
The orc wizard gestures wildly while chanting.
The orc wizard flickers and vanishes!
Deactivating autopickup; reactivate with Ctrl-A.
You completely miss the wight.
Unknown command.
The orc priest calls down the wrath of Beogh upon you.
Beogh smites you!
* * * LOW HITPOINT WARNING * * *
You're too confused to move!
You feel less invigorated. The wight barely misses you.
The orc priest invokes the aid of Beogh against you.
Beogh smites you!
* * * LOW HITPOINT WARNING * * *
The wight misses you.
You feel better.
The wight hits you with a +3 morningstar!
You die...

......#........................##
......#...............##########
...............########
...............##
................### ##
..................## ##.
..).....#....z.....### ###..
.........###ozzz.....## ##....
.......z.# ####z@.....# ##.....
.........# #...........###......
.........# #.....................
..........##.....................
..........##...........#......!..
.$.........#...........# ##......
...........#............ ##..(..
...........#............ #.....
##....


You could see 5 wights and an orc priest.

Vanquished Creatures
  Eustachio (D:4)
  2 wyverns
  Menkaure (D:4)
  A water moccasin (D:5)
  2 orc warriors (D:7)
  A sky beast (D:6)
  2 ice beasts
  A black bear (D:5)
  An ogre (D:7)
  A kobold brigand (D:7)
  5 bullfrogs
  A scorpion (D:5)
  4 wights (D:7)
  2 electric eels (D:7)
  4 hounds
  A jelly (D:6)
  A gnoll bouda (D:4)
  3 orc priests
  A sleepcap (D:7)
  Natasha (thrice) (D:3)
  An iguana (D:4)
  Ijyb (D:4)
  3 orc wizards
  Robin (D:4)
  7 gnolls
  7 adders
  A shadow imp (D:6)
  A white imp (D:3)
  2 worms (D:3)
  6 dart slugs
  22 orcs
  10 ball pythons
  7 endoplasms
  16 goblins
  10 hobgoblins
  2 jackals (D:4)
  A quokka (D:1)
  5 bats
  4 frilled lizards (D:1)
  A goblin skeleton (D:3)
  A goblin zombie (D:3)
  3 hobgoblin zombies (D:3)
  14 kobolds
  A kobold zombie (D:3)
  2 orc skeletons (D:3)
  6 rats
173 creatures vanquished.

Vanquished Creatures (others)
  A fungus (D:6)
  23 plants
24 creatures vanquished.

Grand Total: 197 creatures vanquished

Notes
Turn   | Place    | Note
-------+----------+-------------------------------------------
     0 | D:1      | howech the Octopode Enchanter began the quest for the Orb.
     0 | D:1      | Reached XP level 1. HP: 11/11 MP: 3/3
    44 | D:1      | Reached XP level 2. HP: 17/17 MP: 5/5
   161 | D:1      | Learned a level 2 spell: Ensorcelled Hibernation
   313 | D:1      | Reached XP level 3. HP: 12/21 MP: 6/6
   550 | D:1      | Found a faded altar of an unknown god.
  1033 | D:2      | Learned a level 2 spell: Blink
  1047 | D:2      | Reached XP level 4. HP: 27/27 MP: 7/7
  1090 | D:2      | Found a burning altar of Makhleb.
  1250 | D:2      | Reached skill level 5 in Stealth
  1550 | D:3      | Noticed Natasha
  1555 | D:3      | Killed Natasha
  1576 | D:3      | Noticed Natasha
  1592 | D:3      | Killed Natasha
  1593 | D:3      | Reached XP level 5. HP: 8/31 MP: 8/8
  1760 | D:3      | Found a burning altar of Makhleb.
  1764 | D:3      | Found an opulent altar of Gozag.
  1766 | D:3      | Found a shimmering blue altar of Sif Muna.
  1807 | D:3      | Found a bloodstained altar of Trog.
  1811 | D:3      | Found a hide-covered altar of Uskayaw.
  1838 | D:3      | Became a worshipper of Uskayaw the Reveller
  1861 | D:3      | Noticed Natasha
  1882 | D:3      | Killed Natasha
  1882 | D:3      | Reached * piety under Uskayaw
  1883 | D:3      | Reached skill level 1 in Translocations
  1883 | D:3      | Reached skill level 1 in Ice Magic
  2042 | D:3      | Found a glowing golden altar of the Shining One.
  2053 | D:3      | Reached ** piety under Uskayaw
  2062 | D:3      | Reached *** piety under Uskayaw
  2063 | D:3      | Reached XP level 6. HP: 24/36 MP: 8/10
  2070 | D:3      | Learned a level 3 spell: Confusing Touch
  2618 | D:4      | Noticed Robin
  2652 | D:4      | Reached skill level 6 in Stealth
  3089 | D:4      | Killed Robin
  3247 | D:4      | Noticed Eustachio
  3257 | D:4      | Killed Eustachio
  3258 | D:4      | Reached skill level 1 in Invocations
  3258 | D:4      | Reached XP level 7. HP: 18/41 MP: 6/11
  3608 | D:4      | Reached skill level 7 in Stealth
  3904 | D:4      | Noticed Ijyb
  3911 | D:4      | Killed Ijyb
  3986 | D:4      | Noticed Menkaure
  3991 | D:4      | Killed Menkaure
  4031 | D:4      | Found a staircase to the Ecumenical Temple.
  4229 | D:5      | Entered Level 5 of the Dungeon
  4258 | Temple   | Entered the Ecumenical Temple
  4610 | D:5      | Reached XP level 8. HP: 34/46 MP: 10/13
  4615 | D:5      | Reached **** piety under Uskayaw
  4824 | D:5      | Reached skill level 8 in Stealth
  4880 | D:5      | Found Qylays's Magic Scroll Boutique.
  4888 | D:5      | Bought a scroll of identify for 22 gold pieces
  4888 | D:5      | Bought a scroll of identify for 22 gold pieces
  4888 | D:5      | Bought a scroll of identify for 22 gold pieces
  5617 | D:6      | Found Sarchal's Assorted Antiques.
  6212 | D:7      | Noticed a wyvern
  6216 | D:7      | Reached XP level 9. HP: 47/51 MP: 15/15
  6221 | D:7      | Reached skill level 9 in Stealth
  6234 | D:7      | Reached skill level 5 in Hexes
  6591 | D:7      | Reached ***** piety under Uskayaw
  6961 | D:7      | Found Xoimo's General Store.
  7677 | D:8      | HP: 2/47 [wight/+3 morningstar (8)]
  7683 | D:8      | HP: 1/46 [orc priest/divine providence (15)]
  7684 | D:8      | Slain by a wight

Illustrated notes

Levels and vault maps discovered:
D:1:      nzn_arrival_settlement, layout_loops_ring,
          hellmonk_ecumenical_altar_prayer_group, wad_floor_pattern_untrapped
D:2:      layout_loops_cross, basic_altar
D:3:      layout_basic, grunt_temple_overflow_open,
          nicolae_tso_besieged_by_evil, hangedman_decor_growths, uniq_natasha
D:4:      layout_loops_ring, minmay_temple_entry_fiery, hangedman_glass_teeth,
          serial_bayou_pond_b, st_stairs_6, small_statue_intersection,
          uniq_ijyb, uniq_eustachio, uniq_menkaure, uniq_robin
D:5:      layout_gridville, serial_shops, shop
D:6:      layout_gridville, serial_shops, nicolae_shop_overgrown_old_shop,
          kennysheep_minor_cross, dreamdust_gnoll_farm
D:7:      layout_cave_pools, serial_bayou, serial_bayou_lagoon_a,
          serial_bayou_shore_b, serial_bayou_pond_d, serial_bayou_pond_a,
          serial_bayou_pond_d, serial_shops, kennysheep_mini,
          hangedman_abyss_or_decor_jellyfish_corner, st_stairs_10,
          minmay_stone_trees_small
D:8:      cheibrodos_quashed, layout_cave_pods, uniq_erica
Temple:   dpeg_chambers_temple

Skill      XL: |  1  2  3  4  5  6  7  8  9 |
---------------+----------------------------+-----
Stealth        | 5 6 7 8 9 |  9.9
Short Blades   | 2 3 4 |  4.3
Translocations | 1 2 3 4 |  4.0
Ice Magic      | 1 2 3 |  3.8
Dodging        | 3 4 |  4.8
Spellcasting   | 3 4 |  4.5
Hexes          | 4 5 |  5.3
Invocations    | 1 3 |  3.8
Conjurations   | |  0.9

Action                     |  1- 3 |  4- 6 |  7- 9 || total
---------------------------+-------+-------+-------++-------
  Melee: Dagger            |    61 |   116 |   175 ||   352
         Constrict         |    10 |    27 |    41 ||    78
         Tentacles         |     6 |    20 |    49 ||    75
         Punch             |     1 |     1 |     2 ||     4
   Cast: Ensorcelled Hiber |       |    11 |    14 ||    25
         Confusing Touch   |       |       |     4 ||     4
         Blink             |       |       |     3 ||     3
 Invoke: Line Pass         |       |       |     2 ||     2
  Evoke: Wand              |       |       |     4 ||     4
    Use: Scroll            |     1 |     6 |    22 ||    29
         Potion            |       |       |     6 ||     6
   Stab: Sleeping          |    21 |    19 |    16 ||    56
         Paralysed         |       |     1 |     6 ||     7
         Confused          |       |       |     3 ||     3
         Distracted        |       |       |     1 ||     1
         Invisible         |       |       |     6 ||     6
 Armour: Skin              |     4 |     1 |     3 ||     8
  Dodge: Dodged            |    17 |    30 |    84 ||   131
  Block: Other             |       |    12 |    30 ||    42
         Reflection        |       |       |     1 ||     1

Table legend: (Time is in decaauts)
 A = Elapsed time spent in this place.
 B = Non-inter-level travel time spent in this place.
 C = Inter-level travel time spent in this place.
 D = Time resting spent in this place.
 E = Time spent auto-exploring this place.
 F = Levels seen in this place.
 G = Mean time per level.
                   A        B        C        D        E       F      G
               +--------+--------+--------+--------+--------+-----+--------+
         Total |   7636 |   7320 |    316 |   1680 |   4025 |   9 |  848.4 |
       Dungeon |   7409 |   7115 |    294 |   1680 |   3834 |   8 |  926.1 |
        Temple |    226 |    204 |     22 |      0 |    191 |   1 |  226.0 |
               +--------+--------+--------+--------+--------+-----+--------+

Top non-repeatable levels by time:
     D:4: 1715 daAuts
     D:7: 1051 daAuts
     D:6: 958 daAuts
     D:3: 942 daAuts
     D:1: 878 daAuts
     D:2: 727 daAuts
     D:5: 618 daAuts
     D:8: 517 daAuts
  Temple: 226 daAuts
